 Dungeon Crawl Stone Soup version 0.31-a0-1202-ga8fea8b373 (webtiles) character file.

Game seed: 1883516227284900718

20141 EnegeticOcto the Tainter (level 12, -1/44 HPs)
             Began as a Felid Chaos Knight on Dec 12, 2023.
             Was a Plaything of Xom.
             Slain by a tentacled starspawn (7 damage)
             ... on level 4 of the Abyss.
             The game lasted 00:47:51 (15165 turns).

EnegeticOcto the Tainter (Felid Chaos Knight)      Turns: 15165, Time: 00:47:52

Health: -1/44      AC:  3    Str:  4 (5)  XL:     12   Next: 42%
Magic:  0/20       EV: 22    Int: 22 (23) God:    Xom [......]
Gold:   766        SH:  0    Dex: 15 (16) Spells: 8/27 levels left
                                        Lives:  0   Deaths: 3

rFire   . .          .
                       - Unarmed
rCold   . . .        (shield unavailable)
rNeg    . . .        (body armour unavailable)
rPois   +            (helmet unavailable)
rElec   +            (cloak unavailable)
rCorr   +            (gloves unavailable)
SInv    +            (boots unavailable)
Will    +....        b - amulet of Irrepressible Laughter {Spirit Rampage rElec Str-5 Stlth+}
Stlth   ++++         (no ring)
HPRegen 0.27/turn    (no ring)
MPRegen 0.17/turn

%: random rage (9%), guardian spirit, rampage
@: resistant
A: very small, claws 2, fangs 3, see invisible, shaggy fur 3, stealthy paws, no
weapons or thrown items, no armour, multi-lived, antennae 1, clever 2, sense
surroundings 1, screaming 1, strong 1, MP-powered wands, [berserk 2], [clumsy
1], [deterioration 2], [frail 3], low MP 1[+1], [no potion heal 1], [cold
vulnerability 2], [heat vulnerability 1], [subdued magic 3], [inability to read
after injury 1]
a: Renounce Religion


You were on level 4 of the Abyss.
You worshipped Xom.
You were a very special plaything of Xom.
You visited 3 branches of the dungeon, and saw 13 of its levels.
You visited the Abyss 1 time.
You also visited: Bailey.

You collected 870 gold pieces.
You spent 104 gold pieces at shops.

Inventory:

Jewellery
 b - the amulet of Irrepressible Laughter (around neck) {Spirit Rampage rElec Str-5 Stlth+}
   (Xom gifted it to you on level 5 of the Dungeon)

   [amulet of guardian spirit]

   Spirit:    It causes incoming damage to be divided between your reserves of
   health and magic.
   Str-5:     It affects your strength (-5).
   rElec:     It insulates you from electricity.
   Rampage:   It bestows one free step when moving towards enemies.
   Stlth+:    It makes you more stealthy.
 E - an amulet of guardian spirit
   (You found it on level 1 of the Lair of Beasts)
Talismans
 d - a beast talisman
   (You found it on level 3 of the Dungeon)
 i - a maw talisman
   (You found it on level 2 of the Dungeon)
Wands
 j - a wand of iceblast (1) {@v2}
   (You found it on level 2 of the Dungeon)
 y - a wand of flame (17) {@v4}
   (You found it on level 8 of the Dungeon)
 A - a wand of charming (10)
   (You found it on level 9 of the Dungeon)
Scrolls
 a - a scroll of butterflies
 k - 5 scrolls of revelation {@r5 !r}
 l - a scroll of fog {!r}
 n - a scroll of poison
 u - a scroll of summoning
 v - a scroll of acquirement
 w - a scroll of fear {!r}
 x - a scroll of vulnerability
 D - a scroll of silence {!r}
Potions
 c - 4 potions of brilliance
 e - 2 potions of mutation
 f - 2 potions of lignification {@q6}
 g - a potion of enlightenment
 m - 3 potions of resistance
 o - 2 potions of curing {@q1 !q}
 p - a potion of berserk rage
 r - a potion of might {@q3 !q}
 t - 2 potions of magic


   Skills:
 + Level 8.1 Fighting
 + Level 9.5 Dodging
 - Level 6.0 Stealth
 - Level 5.4 Unarmed Combat
 - Level 8.0 Spellcasting
 - Level 5.0 Conjurations
 + Level 5.1 Translocations
 - Level 6.0 Earth Magic
 - Level 10.0 Poison Magic
 - Level 4.0 Evocations


You had 8 spell levels left.
You knew the following spells:

 Your Spells              Type           Power      Damage    Failure   Level
a - Sandblast             Erth           36%        2d10      1%          1
b - Olgreb's Toxic Radia  Pois           27%        N/A       1%          4
c - Stone Arrow           Conj/Erth      34%        3d9       1%          3
d - Brom's Barrelling Bo  Conj/Erth      17%        2d4       3%          4
e - Call Canine Familiar  Summ           4%         N/A       13%         3
p - Passwall              Tmut/Erth      9%         N/A       1%          2
Y - Blink                 Tloc           32%        N/A       1%          2

Your spell library contained the following spells:

 Spells                   Type           Power      Damage    Failure   Level
 Sting                    Tmut/Pois      64%        1d6       1%          1
 Cigotuvi's Dreadful Rot  Necr/Pois/Air  24%        N/A       1%          2
 Poisonous Vapours        Pois/Air       32%        N/A       1%          2
 Gell's Gravitas          Tloc           16%        N/A       1%          3
 Teleport Other           Tloc           16%        N/A       1%          3
 Volatile Blastmotes      Fire/Tloc      20%        2d11      3%          3
 Iskenderun's Mystic Bla  Conj/Tloc      16%        2d5       4%          4
 Manifold Assault         Tloc           16%        N/A       4%          4
 Sublimation of Blood     Necr           4%         N/A       5%          2
 Wereblood                Tmut           4%         N/A       5%          2
 Inner Flame              Hex/Fire       4%         N/A       13%         3
 Sigil of Binding         Hex            4%         N/A       13%         3
 Leda's Liquefaction      Hex/Erth       5%         N/A       13%         4
 Flame Wave               Conj/Fire      10%        2d6       16%         4
 Fulminant Prism          Conj/Hex       5%         3d6       16%         4
 Sticky Flame             Conj/Fire      10%        2d3       16%         4
 Dispel Undead            Necr           4%         3d7       45%         4
 Dispersal                Tloc           8%         N/A       69%         6
 Death Channel            Necr           2%         N/A       100%        6
 Summon Hydra             Summ           2%         N/A       100%        7
 Disjunction              Tloc           8%         N/A       100%        8
 Dimensional Bullseye     Hex/Tloc       Unusable   N/A       N/A         4

Dungeon Overview and Level Annotations

Branches:
Dungeon (10/15) Zot: 25700  Temple (1/1) D:7 Zot: 5855    Lair (2/5) D:9 Zot: 9209
  Snake (0/4) Lair:2       Bailey (visited)
  Swamp: Lair:2-3    Shoals: Lair:2-3       Orc: D:9-12

Altars:
Ashenzari
Cheibriados
Dithmenos
Elyvilon
Fedhas
Gozag
Hepliaklqana
Kikubaaqudgha
Makhleb
Nemelex Xobeh
Okawaru
Qazlal
Ru
Sif Muna
Trog
Uskayaw
Vehumet
Wu Jian
Xom
Yredelemnul
Zin
The Shining One

Shops:
D:1 ?

Annotations:
D:5 1 runed translucent door


Innate Abilities, Weirdness & Mutations

You have sharp claws.
You have razor-sharp teeth.
You have supernaturally acute eyesight. (SInv)
Your thick and shaggy fur keeps you warm. (AC +3, rC+)
Your paws help you pounce on unaware monsters.
You are incapable of wielding weapons or throwing items.
You cannot wear armour.
You gain extra lives every three experience levels.
You have a pair of small antennae on your head.
Your mind is very acute. (Int +8, Str/Dex -2)
You passively map a small area around you.
You occasionally shout uncontrollably at your foes.
Your muscles are strong. (Str +4, Int/Dex -1)
You expend magic power (3 MP) to strengthen your wands.
[You have an uncontrollable temper.]
[You are clumsy. (Dex -2)]
[Your body often deteriorates upon taking damage.]
[You are extremely frail. (-30% HP)]
[Your magical capacity is very low. (-20% MP)]
[Potions are less effective at restoring your health.]
[You are very vulnerable to cold. (rC--)]
[You are vulnerable to heat. (rF-)]
[Your spells are much easier to cast, but much less powerful.]
[You occasionally lose the ability to read scrolls when taking damage.]


Message History

The living lightning misses you.
The raiju blinks!
You miss the raiju. Your bite misses the raiju.
The raiju is severely wounded.
You recover from your berserk rage.
The raiju bites you. The raiju shocks you. You resist.
You barely miss the raiju.
The raiju is severely wounded.
You scratch the raiju.
The raiju is severely wounded.
You barely miss the raiju.
The raiju is severely wounded.
The raiju closely misses you.
You scratch the raiju.
The raiju is severely wounded.
The raiju barely misses you.
You scratch the raiju. Your claw misses the raiju.
The raiju is severely wounded.
The raiju bursts into living lightning!
The living lightning misses you.
The raiju blinks!
Aiming: Throw Flame
Press: ? - help, Shift-Dir - straight line, f - raiju
Aim: a raiju (severely wounded, 60% to hit)
You feel a surge of power!
The puff of flame hits the raiju.
The raiju is almost dead.
You scratch the raiju.
You kill the raiju!
The raiju completely misses you.
Your Translocations skill increases to level 5!
A red film seems to cover your vision as you go berserk!
You feel yourself moving faster!
You feel mighty!
You miss the raiju. You bite the raiju!
You kill the raiju!
You feel your intelligence returning.
You see here a raiju corpse.
You feel a strong urge to attack something.
You start resting.
You feel your anger nearly subside.
You are no longer berserk.
You are exhausted.
You feel yourself slow down.
You start resting.
You sense a monster nearby.
You start resting.
You feel your health improve.
You start resting.
You sense a monster nearby.
You start resting.
You feel yourself speed up.
You start resting.
You recover from your berserk rage.
You start resting.
You sense a monster nearby.
You start resting.
A profane servitor comes into view. It is wielding a +2 demon whip of pain.
You see here a raiju corpse.
Okay, then.
Casting: Olgreb's Toxic Radiance (safe; 1% risk of failure)
Confirm with . or Enter, or press ? or * to list all spells.
Aiming: Passwall (safe; 1% risk of failure)
Press: ? - help, Dir - move target A rock wall.
You begin to meditate on the wall.
You continue meditating on the rock. x3
You finish merging with the rock.
There is an open door here.
A will-o-the-wisp comes into view.
You close the door.
You feel protected.
Unknown command.
Something unseen opens the door.
A vampire mage comes into view.
The will-o-the-wisp gives a chilling moan.
You hear a roar!
You hear a bark!
The wretched star glows turbulently.
The lance of force hits you!!
Your body deteriorates!
You feel clumsy.
You are knocked back by the lance of force.
You slam into the stone wall!
A raiju and a thrashing horror come into view.
A spatial vortex comes into view.
A raiju and a thrashing horror come into view.
Blink to where?
Press: ? - help, Dir - move target A spatial maelstrom and a tentacled starspawn come into view.
As you read the scroll of blinking {@r4}, it crumbles to dust.
The tentacled starspawn closely misses you.
The tentacled starspawn misses you.
The thrashing horror roars!
Okay, then.
Really quaff
q - a potion of heal wounds {@q2 !q}?
Your system partially rejects the healing.
You feel much better.
The raiju barks!
You hear a roar!
You hear a bark! x2
The thrashing horror misses you. The thrashing horror barely misses you.
A bone dragon comes into view.
The tentacled starspawn bites you!!
Ouch! That really hurt!
* * * LOW HITPOINT WARNING * * *
Your body deteriorates!
You feel weakened.
The tentacled starspawn tentacle-slaps you!
You die...
Xom thinks this is hilarious!

. ..###........#
#....###..#v..#...
#..#.# #.....V##
## .....#
##.##.... .#.##.
#.. ....... ### .
. ### v....###..#
. ......##hD
...X.#hX#
...#.##@# #..X.#
...#.##.. .... #.
.## ##. #. . # #.
.. .. .. .# ##.


You could see a bone dragon (wandering), a tentacled starspawn, a vampire mage,
a thrashing horror, a will-o-the-wisp and 2 raiju.

Vanquished Creatures
  A two-headed ogre (D:9)
  A salamander (Lair:2)
  3 elephants (D:9)
  A black mamba (Lair:1)
  6 cane toads
  An unseen horror (D:10)
  3 komodo dragons
  An ancient zyme (Abyss:4)
  2 trolls (D:10)
  2 polar bears (Lair:2)
  Grinder (D:4)
  9 blink frogs (Lair:1)
  4 raiju (Abyss:4)
  Sigmund (D:2)
  2 small abominations (Abyss:4)
  2 shadows (D:10)
  2 wyverns (D:9)
  2 yaks
  Grum (Lair:1)
  2 fire bats (Abyss:4)
  6 basilisks
  3 steam dragons (D:6)
  3 nagas (Lair:2)
  2 acid dragons
  8 water moccasins
  8 orc warriors
  3 ice beasts
  3 sky beasts
  3 black bears
  An ogre (D:5)
  10 wolves (Lair:1)
  2 centaurs
  2 phantoms
  3 bullfrogs
  2 kobold brigands
  A gnoll sergeant (D:9)
  3 scorpions
  4 killer bees
  2 howler monkeys
  2 vampire bats (D:4)
  A jelly (D:4)
  2 orc priests (D:7)
  9 hounds
  2 gnoll boudas
  A sleepcap (D:6)
  An iguana (Lair:1)
  7 orc wizards
  20 gnolls
  4 adders
  A shadow imp (D:4)
  2 white imps
  2 ufetubi (D:6)
  A worm (D:2)
  2 dart slugs
  31 orcs
  2 bat skeletons (D:4)
  3 bat zombies (D:4)
  2 endoplasms
  3 giant cockroaches
  14 hobgoblins
  10 jackals
  3 quokkas
  4 ball pythons
  6 bats
  4 frilled lizards
  11 goblins
  A jackal zombie (D:5)
  26 kobolds
  10 rats
  A butterfly (Lair:2)
  A lurking horror (Abyss:4)
305 creatures vanquished.

Vanquished Creatures (collateral kills)
  A two-headed ogre (D:9)
  A wyvern (D:9)
  4 yaks (D:10)
  An acid dragon (D:9)
  A black bear (D:4)
  A howler monkey (D:9)
  A bat zombie (D:4)
  A quokka (D:4)
11 creatures vanquished.

Vanquished Creatures (others)
  An orc warlord (Bailey)
  A fire dragon (Abyss:3)
  2 ogre magi (Abyss:3)
  2 fire bats (Abyss:3)
  4 chaos spawn (Abyss:3)
  A water moccasin (Lair:1)
  5 starspawn tentacles (Abyss:4)
16 creatures vanquished.

Grand Total: 332 creatures vanquished

Notes
Turn   | Place    | Note
-------+----------+-------------------------------------------
     0 | D:1      | EnegeticOcto the Felid Chaos Knight began the quest for the
                  | Orb.
     0 | D:1      | Reached XP level 1. HP: 12/12 MP: 2/2
    89 | D:1      | Reached skill level 1 in Stealth
   135 | D:1      | XOM: divination: magic mapping
   220 | D:1      | Reached skill level 2 in Stealth
   260 | D:1      | Found The Oracle's Delphic Readings.
   267 | D:1      | Reached XP level 2. HP: 16/16 MP: 3/3
   339 | D:1      | Bought a scroll of identify for 22 gold pieces
   478 | D:1      | XOM: god gift: 6 gold pieces
   596 | D:1      | Reached skill level 3 in Stealth
   948 | D:2      | XOM: 1-stop teleportation journey
  1019 | D:2      | XOM: give mutations
  1019 | D:2      | Gained mutation: You are occasionally teleported next to
                  | monsters. [Xom's mischief]
  1019 | D:2      | Gained mutation: You occasionally shout uncontrollably at
                  | your foes. [Xom's mischief]
  1019 | D:2      | Gained mutation: Your mind is acute. (Int +4, Str/Dex -1)
                  | [Xom's mischief]
  1066 | D:2      | Reached XP level 3. HP: 18/20 MP: 4/4
  1240 | D:2      | Noticed Sigmund
  1242 | D:2      | Killed Sigmund
  1243 | D:2      | Reached skill level 5 in Dodging
  1243 | D:2      | Reached skill level 4 in Unarmed Combat
  1243 | D:2      | Reached XP level 4. HP: 24/24 MP: 5/5
  1243 | D:2      | Reached XP level 5. HP: 28/28 MP: 6/6
  1368 | D:2      | Found a faded altar of an unknown god.
  1409 | D:1      | Bought a scroll of revelation for 82 gold pieces
  1535 | D:3      | XOM: summons 2 hostile demons
  1644 | D:3      | Found a sacrificial altar of Ru.
  1644 | D:3      | XOM: 4-stop teleportation journey
  1647 | D:3      | Reached skill level 5 in Unarmed Combat
  1652 | D:3      | XOM is BORED!
  1652 | D:3      | XOM: polymorph quokka -> hound
  1832 | D:3      | Gained mutation: You are covered in thick fur. (AC +2)
                  | [Felid growth]
  1832 | D:3      | Reached XP level 6. HP: 32/32 MP: 7/7
  1834 | D:3      | XOM: 7-stop teleportation journey
  2377 | D:4      | XOM: stat loss: -1 Int (17/19)
  2472 | D:4      | Reached skill level 4 in Fighting
  2489 | D:4      | XOM: chaos upgrade
  2577 | D:4      | XOM: 2-stop teleportation journey
  2607 | D:4      | XOM: summons 1 hostile demon
  2672 | D:4      | XOM: 2-stop teleportation journey
  2832 | D:4      | XOM: summons 3 friendly demons
  2862 | D:4      | Noticed Grinder
  2876 | D:4      | XOM: divination: detect creatures
  2880 | D:5      | Entered Level 5 of the Dungeon
  3016 | D:5      | Reached skill level 5 in Fighting
  3016 | D:5      | Reached skill level 4 in Stealth
  3016 | D:5      | Reached XP level 7. HP: 29/39 MP: 8/8
  3020 | D:5      | Learned a level 3 spell: Call Canine Familiar
  3077 | D:5      | Learned a level 1 spell: Sandblast
  3232 | D:5      | XOM: cloud trail
  3315 | D:5      | Reached skill level 1 in Spellcasting
  3315 | D:5      | Reached skill level 1 in Earth Magic
  3322 | D:5      | XOM: give mutations
  3322 | D:5      | Gained mutation: You possess an exceptional clarity of
                  | mind. [Xom's grace]
  3322 | D:5      | Gained mutation: You have a pair of small antennae on your
                  | head. [Xom's grace]
  3361 | D:5      | Identified the amulet of Irrepressible Laughter {Spirit
                  | Rampage rElec Str-5 Stlth+} (Xom gifted it to you on level
                  | 5 of the Dungeon)
  3361 | D:5      | XOM: god gift: amulet of Irrepressible Laughter {Spirit
                  | Rampage rElec Str-5 Stlth+}
  3431 | D:5      | XOM: scenery: 1 doors open
  3478 | D:5      | Learned a level 2 spell: Passwall
  3493 | D:5      | Reached skill level 2 in Spellcasting
  3493 | D:5      | Reached skill level 2 in Earth Magic
  3585 | D:5      | XOM: scenery: create altars
  3592 | D:5      | XOM: scenery: summon butterflies
  3594 | D:5      | Reached skill level 3 in Earth Magic
  3777 | D:5      | Found a runed translucent door.
  3777 | D:5      | Found a basalt altar of Yredelemnul.
  3777 | D:5      | Noticed a human
  3814 | D:5      | XOM: stat loss: -1 Dex (16/17)
  3896 | D:5      | Reached skill level 4 in Earth Magic
  3896 | D:5      | Reached XP level 8. HP: 25/43 MP: 6/12
  4078 | D:5      | XOM: noise
  4146 | D:5      | XOM: swap monsters
  4331 | D:5      | XOM: chaos upgrade
  4397 | D:6      | XOM: stealth player
  4407 | D:6      | Reached skill level 5 in Earth Magic
  4509 | D:6      | Learned a level 3 spell: Stone Arrow
  4707 | D:6      | Reached skill level 1 in Conjurations
  4713 | D:6      | XOM: divination: magic mapping
  4773 | D:6      | Reached skill level 5 in Stealth
  4779 | D:6      | Reached skill level 3 in Spellcasting
  4779 | D:6      | Reached skill level 6 in Earth Magic
  4843 | D:6      | Reached skill level 2 in Conjurations
  5007 | D:6      | XOM: 2-stop teleportation journey
  5019 | D:6      | XOM: noise
  5085 | D:6      | Reached skill level 6 in Stealth
  5085 | D:6      | Reached XP level 9. HP: 44/47 MP: 7/15
  5342 | D:6      | Reached skill level 4 in Spellcasting
  5342 | D:6      | Reached skill level 3 in Conjurations
  5537 | D:6      | Lost mutation: You are occasionally teleported next to
                  | monsters. [potion of mutation]
  5537 | D:6      | Lost mutation: You possess an exceptional clarity of mind.
                  | [potion of mutation]
  5537 | D:6      | Gained mutation: [Your magical capacity is low. (-10% MP)]
                  | [potion of mutation]
  5537 | D:6      | Gained mutation: You have a somewhat thin skeletal
                  | structure. (Dex +2, Stealth+) [potion of mutation]
  5696 | D:6      | Reached skill level 4 in Conjurations
  5734 | D:6      | XOM: give mutations
  5734 | D:6      | Gained mutation: You possess an exceptional clarity of
                  | mind. [Xom's grace]
  5734 | D:6      | Gained mutation: You have hidden genetic potential. [Xom's
                  | grace]
  5734 | D:6      | Gained mutation: Your thick and shaggy fur keeps you warm.
                  | (AC +3, rC+) [Xom's grace]
  6003 | D:4      | XOM: enchant monster (bad)
  6005 | D:4      | Killed Grinder
  6006 | D:4      | Reached skill level 6 in Dodging
  6099 | D:4      | XOM: summons 1 hostile demon
  6318 | D:4      | Reached skill level 5 in Spellcasting
  6450 | D:4      | Found a broken altar of Ashenzari.
  6646 | D:4      | Found an ancient bone altar of Kikubaaqudgha.
  6924 | D:7      | Found a flagged portal.
  6953 | D:7      | Reached skill level 6 in Spellcasting
  7129 | D:6      | XOM: give mutations
  7129 | D:6      | Gained mutation: You have very sharp fingernails. [Xom's
                  | grace]
  7129 | D:6      | Gained mutation: You are robust. (+10% HP) [Xom's grace]
  7129 | D:6      | Gained mutation: You have great hidden genetic potential.
                  | [Xom's grace]
  7129 | D:6      | Gained mutation: You passively map a small area around you.
                  | [Xom's grace]
  7134 | D:7      | Found a staircase to the Ecumenical Temple.
  7156 | Bailey   | Entered a bailey
  7189 | Bailey   | Noticed an orc warlord
  7377 | Bailey   | Found a runed translucent gate.
  7378 | Bailey   | Found a runed translucent gate.
  7379 | Bailey   | Found a runed translucent gate.
  7496 | Bailey   | Mangled by an orc warlord
  7500 | Bailey   | XOM: fake destruction
  7502 | Bailey   | XOM: scenery: 3 doors close
  7503 | Bailey   | XOM: destruction
  7504 | Bailey   | Killed an orc warlord
  7505 | Bailey   | Reached skill level 7 in Spellcasting
  7505 | Bailey   | Reached skill level 5 in Conjurations
  7505 | Bailey   | Reached XP level 10. HP: 56/56 MP: 10/20
  7691 | D:7      | Gained mutation: You expend magic power (3 MP) to
                  | strengthen your wands. [hidden potential]
  7821 | D:7      | XOM: stat loss: -1 Dex (20/21)
  7858 | Temple   | Entered the Ecumenical Temple
  8076 | D:7      | Reached skill level 8 in Spellcasting
  8149 | D:7      | XOM: noise
  8222 | D:7      | Learned a level 4 spell: Olgreb's Toxic Radiance
  8232 | D:7      | Found a shimmering blue altar of Sif Muna.
  8285 | D:7      | XOM: draining
  8440 | D:7      | Reached skill level 1 in Poison Magic
  8839 | D:8      | Got the Tractate on Translocation
  9031 | D:8      | Reached skill level 7 in Dodging
  9171 | D:8      | Reached skill level 2 in Poison Magic
  9279 | D:8      | Found a shimmering altar of Xom.
  9380 | D:9      | XOM: god gift: staff of conjuration
  9393 | D:9      | Noticed a two-headed ogre
  9398 | D:9      | XOM: summons 6 friendly demons
  9399 | D:9      | Killed a two-headed ogre
  9400 | D:9      | Reached skill level 3 in Poison Magic
  9401 | D:9      | Found a stormy altar of Qazlal.
  9414 | D:9      | XOM: give mutations
  9414 | D:9      | Gained mutation: Your muscles are strong. (Str +4, Int/Dex
                  | -1) [Xom's grace]
  9414 | D:9      | Gained mutation: Your mind is very acute. (Int +8, Str/Dex
                  | -2) [Xom's grace]
  9426 | D:9      | Reached skill level 8 in Dodging
  9430 | D:9      | Reached skill level 4 in Poison Magic
  9485 | D:9      | Found a glowing silver altar of Zin.
  9485 | D:9      | Noticed an angel
  9533 | D:9      | Noticed a two-headed ogre
  9560 | D:9      | Reached skill level 1 in Evocations
  9656 | D:9      | Found a shadowy altar of Dithmenos.
  9676 | D:9      | XOM: chaos upgrade
  9677 | D:9      | XOM: butterfly on damage
  9678 | D:9      | Killed a two-headed ogre
  9679 | D:9      | Reached skill level 5 in Poison Magic
  9679 | D:9      | Reached skill level 2 in Evocations
  9847 | D:9      | Found an iron altar of Okawaru.
  9902 | D:9      | Reached skill level 3 in Evocations
 10044 | D:9      | Found a staircase to the Lair.
 10262 | D:9      | Reached XP level 11. HP: 40/60 MP: 6/21
 10447 | D:9      | XOM is BORED!
 10447 | D:9      | XOM: give mutations
 10447 | D:9      | Lost mutation: You expend magic power (3 MP) to strengthen
                  | your wands. [Xom's mischief]
 10447 | D:9      | Lost mutation: You have great hidden genetic potential.
                  | [Xom's mischief]
 10447 | D:9      | Gained mutation: You occasionally lose the ability to drink
                  | potions when taking damage. [Xom's mischief]
 10456 | D:10     | Entered Level 10 of the Dungeon
 10648 | D:10     | Reached skill level 4 in Evocations
 10649 | D:10     | Gained mutation: You expend magic power (3 MP) to
                  | strengthen your wands. [hidden potential]
 10649 | D:10     | Lost mutation: You have hidden genetic potential. [hidden
                  | potential expressed]
 10818 | D:10     | XOM: summons 7 friendly demons
 10825 | D:10     | Reached skill level 6 in Poison Magic
 11065 | D:10     | Found a hide-covered altar of Uskayaw.
 11238 | D:10     | Reached skill level 6 in Fighting
 11416 | D:10     | Found a glowing golden altar of the Shining One.
 11525 | Lair:1   | Entered Level 1 of the Lair of Beasts
 11626 | D:9      | XOM: give mutations
 11626 | D:9      | Lost mutation: You are robust. (+10% HP) [Xom's mischief]
 11626 | D:9      | Lost mutation: You possess an exceptional clarity of mind.
                  | [Xom's mischief]
 11626 | D:9      | Lost mutation: You occasionally lose the ability to drink
                  | potions when taking damage. [Xom's mischief]
 11831 | Lair:1   | XOM: noise
 11891 | Lair:1   | Reached skill level 7 in Poison Magic
 11893 | Lair:1   | Reached skill level 7 in Fighting
 11900 | Lair:1   | XOM: silly message
 11903 | Lair:1   | XOM: 2-stop teleportation journey
 11908 | Lair:1   | XOM: polymorph cane toad -> iguana
 11915 | Lair:1   | XOM: enchant monster (bad)
 11916 | Lair:1   | Reached skill level 8 in Poison Magic
 11919 | Lair:1   | XOM: confuse monster(s)
 11961 | Lair:1   | Reached skill level 9 in Poison Magic
 12094 | Lair:1   | XOM: summons 3 friendly demons
 12148 | Lair:1   | XOM: 1-stop teleportation journey
 12190 | Lair:1   | Identified the +4 glaive of Disaster {freeze, Int+3 Dex+3}
 12442 | Lair:1   | XOM: divination: magic mapping
 12479 | Lair:1   | Noticed Grum
 12487 | Lair:1   | Killed Grum
 12599 | Lair:1   | XOM: confusion (+ monsters)
 12936 | Lair:1   | XOM: butterfly on damage
 12938 | Lair:1   | Mutation became permanent: You are covered in thick fur.
                  | (AC +2) [Felid growth]
 12938 | Lair:1   | Gained mutation: Your thick and shaggy fur keeps you warm.
                  | (AC +3, rC+) [Felid growth]
 12938 | Lair:1   | Reached XP level 12. HP: 6/63 MP: 0/22
 13193 | Lair:1   | XOM: 5-stop teleportation journey
 13366 | Lair:2   | Reached skill level 10 in Poison Magic
 13375 | Lair:1   | Learned a level 2 spell: Blink
 13380 | Lair:1   | Learned a level 4 spell: Brom's Barrelling Boulder
 13550 | Lair:2   | Reached skill level 1 in Translocations
 13764 | Lair:2   | XOM: summons 1 hostile shadow creature
 13810 | Lair:2   | Reached skill level 2 in Translocations
 14019 | Lair:2   | Found a staircase to the Snake Pit.
 14190 | Lair:2   | Reached skill level 3 in Translocations
 14270 | Lair:2   | XOM: give mutation
 14270 | Lair:2   | Lost mutation: You have a somewhat thin skeletal structure.
                  | (Dex +2, Stealth+) [Xom's mischief]
 14432 | Lair:2   | Reached skill level 9 in Dodging
 14432 | Lair:2   | Reached skill level 4 in Translocations
 14458 | Lair:2   | XOM: summons 7 hostile demons
 14545 | Abyss:3  | Cast into level 3 of the Abyss (Xom)
 14567 | Abyss:3  | Killed an ogre mage
 14570 | Abyss:3  | Killed a fire dragon
 14573 | Abyss:3  | Killed an ogre mage
 14602 | Abyss:3  | Noticed a fire dragon
 14621 | Abyss:4  | Found a corrupted altar of Lugonu.
 14641 | Abyss:4  | Found a corrupted altar of Lugonu.
 14646 | Abyss:4  | Found a corrupted altar of Lugonu.
 14652 | Abyss:4  | XOM: draining
 14655 | Abyss:4  | Found a corrupted altar of Lugonu.
 14669 | Abyss:4  | XOM: summons 2 friendly demons
 14782 | Abyss:4  | Noticed a tentacled starspawn
 14787 | Abyss:4  | XOM: butterfly on damage
 14795 | Abyss:4  | Slain by a small abomination
 14797 | Abyss:4  | Found a corrupted altar of Lugonu.
 14799 | Abyss:4  | Noticed a green death
 14818 | Abyss:4  | Noticed a starcursed mass
 14830 | Abyss:4  | Noticed a tentacled starspawn
 14844 | Abyss:4  | Slain by a tentacled starspawn
 15052 | Abyss:4  | Reached skill level 8 in Fighting
 15093 | Abyss:4  | Reached skill level 5 in Translocations
 15146 | Abyss:4  | Noticed a profane servitor
 15161 | Abyss:4  | Noticed a vampire mage
 15164 | Abyss:4  | Noticed a tentacled starspawn
 15165 | Abyss:4  | Noticed a bone dragon
 15165 | Abyss:4  | Slain by a tentacled starspawn

Illustrated notes

Levels and vault maps discovered:
D:1:      nagdon_arrival_double_spiral, layout_basic,
          nicolae_nh_oracle_at_delphi
D:2:      layout_rooms, shapermc_ecumenical_altar_notcrosses, uniq_sigmund
D:3:      layout_loops_ring, hangedman_ru_absence
D:4:      layout_loops_ring, kennysheep_vampire_church,
          mainiacjoe_overflow_alcove_4, uniq_grinder
D:5:      layout_basic, dk_yredelemnul_ordeal
D:6:      cheibrodos_steamvent, layout_gridville, gup_sewer_entry_pipe,
          minmay_misc_feat_hallway, wad_rectangle_vault
D:7:      layout_basic, kennysheep_orc_sif_temple,
          minmay_temple_entry_large_hall, enter_bailey_5, moated_statue,
          minmay_holes
D:8:      layout_gridville, xom_teletrap_fun
D:9:      layout_gridville, zin_angel, okawaru_gym_becter,
          grunt_dithmenos_smoke, nicolae_qazlal_general_emergency,
          david_lair_generic
D:10:     layout_basic, mainiacjoe_overflow_catwalk, tso_oasis_becter,
          statue_in_the_mist_lemuel
Temple:   hellmonk_temple_rainy
Lair:1:   layout_cave_pods, chequers_serial_rivers_micro_d, grunt_megastairs_1,
          uniq_grum
Lair:2:   layout_roguey, alex1729_snake_entry_snake, bobbens_dragon_lair_wall,
          lemuel_fruit_fields
Abyss:4:  base: D:7, gammafunk_abyss_exit_x_factor,
          hangedman_abyss_rune_macabre_mess, hangedman_steaming_rock,
          spicy_abyss_helpful_harpoons

Skill      XL: |  1  2  3  4  5  6  7  8  9 10 11 12 |
---------------+-------------------------------------+-----
Stealth        | 2 3 4 6 |  6.0
Dodging        | 5 6 8 9 |  9.5
Unarmed Combat | 4 5 |  5.4
Fighting       | 5 7 8 |  8.1
Spellcasting   | 2 3 7 8 |  8.0
Earth Magic    | 4 6 |  6.0
Conjurations   | 2 5 |  5.0
Poison Magic   | 5 9 10 | 10.0
Evocations     | 3 4 |  4.0
Translocations | 5 |  5.1

Action                     |  1- 3 |  4- 6 |  7- 9 | 10-12 || total
---------------------------+-------+-------+-------+-------++-------
  Melee: Unarmed           |    83 |   141 |   242 |   182 ||   648
         Bite              |     8 |    19 |    21 |    22 ||    70
         Punch             |     2 |     5 |     5 |     8 ||    20
   Cast: Sandblast         |       |       |    57 |    33 ||    90
         Passwall          |       |       |     4 |     5 ||     9
         Stone Arrow       |       |       |    53 |   129 ||   182
         Olgreb's Toxic Ra |       |       |       |    43 ||    43
         Blink             |       |       |       |     1 ||     1
  Evoke: Wand              |     2 |     6 |     3 |     9 ||    20
    Use: Scroll            |     3 |     4 |     8 |    14 ||    29
         Potion            |       |     1 |     8 |     6 ||    15
   Stab: Sleeping          |     6 |       |    10 |    11 ||    27
         Distracted        |       |     2 |     2 |       ||     4
         Confused          |       |       |       |     1 ||     1
         Invisible         |       |       |       |     3 ||     3
 Armour: Skin              |    15 |    57 |   100 |   180 ||   352
  Dodge: Dodged            |    62 |   163 |   260 |   296 ||   781

Table legend: (Time is in decaauts)
 A = Elapsed time spent in this place.
 B = Non-inter-level travel time spent in this place.
 C = Inter-level travel time spent in this place.
 D = Time resting spent in this place.
 E = Time spent auto-exploring this place.
 F = Levels seen in this place.
 G = Mean time per level.
                   A        B        C        D        E       F      G
               +--------+--------+--------+--------+--------+-----+--------+
         Total |  15207 |  14630 |    577 |   2464 |   8200 |  16 |  950.4 |
       Dungeon |  11143 |  10586 |    557 |   1613 |   6011 |  10 | 1114.3 |
        Temple |    144 |    144 |      0 |    143 |      0 |   1 |  144.0 |
          Lair |   2790 |   2771 |     19 |    277 |   2116 |   2 | 1395.0 |
         Abyss |    636 |    636 |      0 |    265 |      0 |   2 |  318.0 |
        Bailey |    492 |    492 |      0 |    166 |     72 |   1 |  492.0 |
               +--------+--------+--------+--------+--------+-----+--------+

Top non-repeatable levels by time:
     D:6: 1763 daAuts
  Lair:1: 1691 daAuts
     D:5: 1633 daAuts
     D:4: 1438 daAuts
     D:7: 1212 daAuts
     D:9: 1178 daAuts
  Lair:2: 1099 daAuts
    D:10: 1029 daAuts
     D:1: 889 daAuts
     D:8: 740 daAuts
     D:2: 644 daAuts
     D:3: 613 daAuts
 Abyss:4: 561 daAuts
  Bailey: 492 daAuts
  Temple: 144 daAuts

Table legend:
 A = Kills in this place as a percentage of kills in the entire game.
 B = Kills by you in this place as a percentage of kills by you in the entire game.
 C = Kills by friends in this place as a percentage of kills by friends in the entire game.
 D = Other kills in this place as a percentage of other kills in the entire game.
 E = Experience gained in this place as a percentage of experience gained in the entire game.
 F = Experience gained in this place divided by the number of levels of this place that you have seen.
                   A       B       C       D       E      F
               +-------+-------+-------+-------+-------+----------------------
         Total | 100.0 | 100.0 | 100.0 | 100.0 | 100.0 | 1798.3
       Dungeon |  74.1 |  74.1 | 100.0 |   0.0 |  48.1 | 1383.2
          Lair |  15.8 |  15.6 |   0.0 |  75.0 |  39.4 | 5672.0
         Abyss |   2.8 |   3.0 |   0.0 |   0.0 |   7.5 | 1074.5
        Bailey |   7.3 |   7.3 |   0.0 |  25.0 |   5.0 | 1448.0
               +-------+-------+-------+-------+-------+----------------------
